 Dungeon Crawl Stone Soup version 0.31-a0-1499-ge0622b2318 (webtiles) character file.

Game seed: 1750439985537558636

23942 Iich the Cleaver (level 12, -4/98 HPs)
             Began as a Demonspawn Fighter on Dec 29, 2023.
             Was a High Priest of Cheibriados.
             Slain by a 16-headed hydra (6 damage)
             ... on level 3 of the Lair of Beasts on Dec 30, 2023.
             The game lasted 00:28:55 (10672 turns).

Iich the Cleaver (Demonspawn Fighter)              Turns: 10672, Time: 00:28:55

Health: -4/98      AC: 18    Str: 35    XL:     12   Next: 76%
Magic:  19/19      EV: 18    Int: 23    God:    Cheibriados [*****.]
Gold:   812        SH:  8    Dex: 33    Spells: 18/18 levels left

rFire   . . .        a - +0 war axe (spect)
rCold   + . .        c - +0 buckler
rNeg    . . .        s - +1 chain mail
rPois   .            n - +0 hat
rElec   .            b - +2 cloak {Will+}
rCorr   .            h - +1 pair of gloves
SInv    .            J - +1 pair of boots {Stlth+}
Will    +....        f - amulet of regeneration
Stlth   +            I - ring of protection from cold
HPRegen 1.16/turn    e - +6 ring of dexterity
MPRegen 0.16/turn

%: no passive effects
@: very slow
A: demonic guardian 2, spiny 1, weakness stinger 2
a: Renounce Religion, Bend Time, Temporal Distortion, Slouch, Step From Time


You were on level 3 of the Lair of Beasts.
You worshipped Cheibriados.
Cheibriados was extremely pleased with you.
You visited 3 branches of the dungeon, and saw 14 of its levels.
You also visited: Sewer and Ossuary.

You collected 812 gold pieces.

Inventory:

Hand Weapons
 a - a +0 spectral war axe (weapon)
Armour
 b - a +2 cloak of willpower (worn)
 c - a +0 buckler (worn)
 h - a +1 pair of gloves (worn)
 i - a +0 plate armour
 n - a +0 hat (worn)
 s - a +1 chain mail (worn)
 J - a +1 pair of boots of stealth (worn)
Jewellery
 e - a +6 ring of dexterity (right hand)
 f - an amulet of regeneration (around neck)
 u - an amulet of guardian spirit
 I - a ring of protection from cold (left hand)
 M - a ring of protection from cold
 N - a ring of protection from cold
Talismans
 F - a dragon-blood talisman
Wands
 D - a wand of flame (49)
 E - a wand of polymorph (7)
 G - a wand of roots (10)
 L - a wand of charming (6)
Scrolls
 g - a scroll of noise
 m - 2 scrolls of amnesia
 p - 2 scrolls of brand weapon
 t - 3 scrolls of teleportation
 w - 3 scrolls of poison
 x - 2 scrolls of fog
 y - 2 scrolls of immolation
 C - a scroll of vulnerability
 H - 2 scrolls of enchant weapon
 O - a scroll of revelation
 P - a scroll of summoning
Potions
 d - a potion of might
 j - 2 potions of invisibility
 k - 6 potions of brilliance
 l - a potion of heal wounds
 o - 2 potions of mutation
 q - 9 potions of curing
 r - a potion of enlightenment
 v - a potion of attraction
 A - a potion of ambrosia
Miscellaneous
 K - a tin of tremorstones (inert)


   Skills:
 + Level 10.3 Fighting
 * Level 12.8 Axes
 + Level 5.1 Armour
 - Level 7.9 Dodging
 + Level 4.9 Shields
 + Level 3.9 Spellcasting
 + Level 9.6 Invocations


You had 18 spell levels left.
You didn't know any spells.
Your spell library contained the following spells:

 Spells                   Type           Power      Damage    Failure   Level
 Apportation              Tloc           8%         N/A       36%         1
 Kiss of Death            Conj/Necr      16%        2d6       36%         1
 Magic Dart               Conj           16%        1d3       36%         1
 Necrotise                Necr           16%        1d4       36%         1
 Sandblast                Erth           8%         2d5       36%         1
 Shock                    Conj/Air       16%        1d4       36%         1
 Sting                    Conj/Alch      16%        1d4       36%         1
 Summon Small Mammal      Summ           16%        N/A       36%         1
 Cigotuvi's Dreadful Rot  Necr/Alch/Air  8%         N/A       52%         2
 Searing Ray              Conj           8%         2d4       52%         2
 Static Discharge         Conj/Air       8%         3-4/arc   52%         2
 Call Canine Familiar     Summ           4%         N/A       75%         3
 Confusing Touch          Hex            4%         N/A       75%         3
 Passwall                 Erth           4%         N/A       75%         3
 Stone Arrow              Conj/Erth      8%         3d7       75%         3
 Summon Ice Beast         Ice/Summ       4%         N/A       75%         3
 Swiftness                Air            4%         N/A       75%         3
 Tukima's Dance           Hex            4%         N/A       75%         3
 Airstrike                Air            2%         2d(1-17)  98%         4
 Brom's Barrelling Bould  Conj/Erth      4%         2d3       98%         4
 Dimensional Bullseye     Hex/Tloc       2%         N/A       98%         4
 Dispel Undead            Necr           4%         3d7       98%         4
 Fulminant Prism          Conj/Alch      2%         3d5       98%         4
 Ignite Poison            Fire/Alch      4%         N/A       98%         4
 Iskenderun's Mystic Bla  Conj/Tloc      4%         2d3       98%         4
 Summon Blazeheart Golem  Fire/Summ      4%         N/A       98%         4
 Summon Lightning Spire   Summ/Air       4%         N/A       98%         4
 Freezing Cloud           Conj/Ice/Air   2%         6-21      100%        5
 Summon Mana Viper        Hex/Summ       4%         N/A       100%        5
 Monstrous Menagerie      Summ           2%         N/A       100%        7


Dungeon Overview and Level Annotations

Branches:
Dungeon (10/15)            Temple (1/1) D:6            Lair (3/5) D:10
  Swamp (0/4) Lair:2        Snake (0/4) Lair:2          Orc (0/2) D:9
  Sewer (visited)         Ossuary (visited)

Altars:
Ashenzari
Cheibriados
Dithmenos
Fedhas
Gozag
Hepliaklqana
Kikubaaqudgha
Makhleb
Nemelex Xobeh
Okawaru
Qazlal
Ru
Sif Muna
Trog
Uskayaw
Vehumet
Wu Jian
Xom
Yredelemnul

Shops:
D:10 *

Annotations:
D:1 1 transporter


Innate Abilities, Weirdness & Mutations

A demonic guardian rushes to your aid.
You are partially covered in sharp spines.
You have a tail ending in a sharp stinger.


Message History

The blink frog hits you but does no damage.
The blink frog is struck by your spines.
The blink frog closely misses you.
You regained 2 hp, and now have 24/98 hp.
The blink frog blinks! x2
You regained 2 hp, and now have 26/98 hp.
The blink frog blinks!
You regained 3 hp, and now have 29/98 hp.
Something hits your ice devil but does no damage.
The blink frog closely misses you. The blink frog hits your ice devil!
The blink frog blinks!
You regained 2 hp, and now have 31/98 hp.
Your ice devil disappears in a puff of smoke!
The blink frog is struck by your spines.
The blink frog closely misses you. You block the blink frog's attack.
The 16-headed hydra attacks as it pursues you!
You block the 16-headed hydra's attack. The 16-headed hydra misses you.
The 16-headed hydra bites you.
* * * LOW HITPOINT WARNING * * *
The 16-headed hydra bites you but does no damage.
The 16-headed hydra bites you.
* * * LOW HITPOINT WARNING * * *
The 16-headed hydra bites you but does no damage.
The 16-headed hydra bites you.
* * * LOW HITPOINT WARNING * * *
The 16-headed hydra bites you but does no damage.
The 16-headed hydra completely misses you.
The 16-headed hydra bites you but does no damage. x2
The 16-headed hydra bites you.
* * * LOW HITPOINT WARNING * * *
A demonic guardian appears!
The 16-headed hydra closely misses you. The 16-headed hydra bites you!
* * * LOW HITPOINT WARNING * * *
The 16-headed hydra closely misses you. x2; The blink frog barely misses you.
The 16-headed hydra barely misses you. The 16-headed hydra closely misses you.
The 16-headed hydra bites you but does no damage.
The 16-headed hydra bites you!
* * * LOW HITPOINT WARNING * * *
The 16-headed hydra bites you.
You die...

#P.# #####D......# ##.##
##......# #..# #......# ##..#
###...## #..## ###### ####ยง..#
###...###..#.###.#F...#
#.....................##
#...............DF4....#
................@.....## ##
#...............<......##.###.
#.....########.####............
##.##.# ### #...............
###### ##...#P...#...P.
#.............. #..............
#...#....(....# #......(P.....#


You could see a 16-headed hydra, 2 blink frogs and a friendly hellwing
(summoned).

Vanquished Creatures
  A bunyip (D:7)
  A hydra (Lair:3)
  A boulder beetle (Lair:3)
  A two-headed ogre (D:9)
  Urug (D:10)
  Pikel (D:8)
  A salamander (Lair:2)
  6 elephants (Lair:1)
  Joseph (D:9)
  4 cane toads
  A torpor snail (Lair:2)
  A rime drake (Lair:2)
  A komodo dragon (Lair:3)
  A troll (D:10)
  2 polar bears
  Grinder (D:5)
  9 blink frogs
  Prince Ribbit (D:8)
  Sigmund (D:4)
  30 yaks
  4 wyverns
  A fire bat (D:8)
  Grum (D:8)
  A basilisk (Lair:3)
  4 vampire mosquitoes (Lair:2)
  4 water moccasins
  2 ice beasts (D:6)
  4 orc warriors
  2 sky beasts
  2 black bears
  7 wolves
  An ogre (D:7)
  3 centaurs
  2 lemures (D:8)
  A phantom (D:7)
  2 kobold brigands
  4 bullfrogs
  2 scorpions
  20 wights
  7 killer bees
  8 howler monkeys
  4 centaur zombies (Ossuary)
  3 lava snakes (Lair:2)
  A sleepcap (D:6)
  6 jellies
  4 orc priests
  4 iguanas
  11 orc wizards
  An ogre zombie (Ossuary)
  7 mummies (Ossuary)
  15 gnolls
  10 adders
  2 river rats
  2 ribbon worms
  3 shadow imps
  A white imp (D:6)
  5 adder zombies (Ossuary)
  2 dart slugs
  49 orcs
  8 endoplasms
  9 giant cockroaches
  A gnoll zombie (Ossuary)
  4 goblins
  10 hobgoblins
  8 jackals
  5 quokkas
  7 ball pythons
  4 bats
  9 frilled lizards
  4 goblin zombies (Ossuary)
  5 hobgoblin zombies (Ossuary)
  18 kobolds
  3 kobold zombies (Ossuary)
  2 quokka zombies (Ossuary)
  14 rats
  5 rat zombies (Ossuary)
394 creatures vanquished.

Vanquished Creatures (collateral kills)
  6 yaks
  An acid dragon (D:9)
  2 orc warriors (D:9)
  2 orc priests (D:9)
  A jelly (Sewer)
  A ribbon worm (D:3)
  5 orcs
  A ball python (Sewer)
  A giant cockroach (Sewer)
  A kobold (D:4)
  A rat (Sewer)
22 creatures vanquished.

Vanquished Creatures (others)
  An orc (D:9)
  A spectral weapon (Lair:3)
2 creatures vanquished.

Grand Total: 418 creatures vanquished

Notes
Turn   | Place    | Note
-------+----------+-------------------------------------------
     0 | D:1      | Iich the Demonspawn Fighter began the quest for the Orb.
     0 | D:1      | Reached XP level 1. HP: 18/18 MP: 1/1
   133 | D:1      | Reached skill level 2 in Axes
   145 | D:1      | Gained mutation: A weak demonic guardian rushes to your
                  | aid. [demonic ancestry]
   145 | D:1      | Reached XP level 2. HP: 14/24 MP: 2/2
   507 | D:1      | Found a faded altar of an unknown god.
   689 | D:2      | Reached skill level 1 in Dodging
   689 | D:2      | Gained mutation: You have a small tail. [demonic ancestry]
   689 | D:2      | Reached XP level 3. HP: 26/29 MP: 3/3
   801 | D:2      | Reached skill level 3 in Axes
   918 | D:2      | Gained mutation: You are partially covered in sharp spines.
                  | [demonic ancestry]
   918 | D:2      | Reached XP level 4. HP: 35/35 MP: 4/4
  1664 | D:3      | Gained mutation: You have a tail ending in a sharp stinger.
                  | [demonic ancestry]
  1664 | D:3      | Reached XP level 5. HP: 41/42 MP: 5/5
  1719 | D:3      | Found a glowing drain.
  1732 | Sewer    | Entered a sewer
  1818 | Sewer    | Reached skill level 4 in Axes
  1900 | Sewer    | Found a viscous altar of Jiyva.
  1929 | Sewer    | Reached XP level 6. HP: 45/48 MP: 6/6
  2754 | D:4      | Noticed Sigmund
  2763 | D:4      | Killed Sigmund
  2764 | D:4      | Reached skill level 5 in Axes
  2764 | D:4      | Reached XP level 7. HP: 44/55 MP: 7/7
  3242 | D:5      | Entered Level 5 of the Dungeon
  3273 | D:5      | Found a burning altar of Makhleb.
  3319 | D:5      | Noticed Grinder
  3327 | D:5      | Paralysed by Grinder for 3 turns
  3334 | D:5      | Killed Grinder
  3335 | D:5      | Reached skill level 5 in Fighting
  3374 | D:5      | Reached skill level 6 in Axes
  3548 | D:5      | Found a sand-covered staircase.
  3556 | Ossuary  | Entered an ossuary
  3562 | Ossuary  | Reached XP level 8. HP: 63/63 MP: 8/8
  4137 | D:5      | Reached skill level 7 in Axes
  4558 | D:6      | Reached skill level 5 in Dodging
  4842 | D:6      | Gained mutation: A demonic guardian rushes to your aid.
                  | [demonic ancestry]
  4842 | D:6      | Reached XP level 9. HP: 62/71 MP: 9/9
  4900 | D:6      | Reached skill level 8 in Axes
  4921 | D:6      | Found a radiant altar of Vehumet.
  4951 | D:6      | Found a staircase to the Ecumenical Temple.
  4974 | Temple   | Entered the Ecumenical Temple
  5041 | Temple   | Became a worshipper of Cheibriados the Contemplative
  5429 | D:7      | Reached * piety under Cheibriados
  5515 | D:7      | Noticed a boulder beetle
  5527 | D:7      | a boulder beetle changed into a bunyip
  5527 | D:7      | Noticed a bunyip
  5649 | D:7      | HP: 2/72 [bunyip (12)]
  5662 | D:7      | Killed a bunyip
  5663 | D:7      | Reached skill level 9 in Axes
  5976 | D:8      | Noticed Prince Ribbit
  5983 | D:8      | Killed Prince Ribbit
  6001 | D:8      | Noticed Maurice
  6008 | D:8      | Reached XP level 10. HP: 80/80 MP: 12/12
  6008 | D:8      | Something stole a dragon-blood talisman
  6009 | D:8      | Found a basalt altar of Yredelemnul.
  6012 | D:8      | Found a hazy altar of Hepliaklqana.
  6018 | D:8      | Something stole an amulet of guardian spirit
  6020 | D:8      | Something stole a throwing net
  6024 | D:8      | Noticed Maurice
  6029 | D:8      | Killed Maurice the fire bat
  6029 | D:8      | Reached ** piety under Cheibriados
  6342 | D:8      | Noticed Pikel
  6359 | D:8      | Killed Pikel
  6491 | D:8      | Reached skill level 10 in Axes
  6493 | D:8      | Noticed Grum
  6502 | D:8      | Killed Grum
  6503 | D:8      | Reached skill level 5 in Invocations
  6504 | D:8      | Reached *** piety under Cheibriados
  6620 | D:9      | Noticed a two-headed ogre
  6630 | D:9      | Killed a two-headed ogre
  6943 | D:9      | Noticed Joseph
  6956 | D:9      | Killed Joseph
  7290 | D:9      | Reached XP level 11. HP: 10/87 MP: 12/15
  7305 | D:9      | Reached **** piety under Cheibriados
  7442 | D:9      | Found a staircase to the Orcish Mines.
  7490 | D:10     | Entered Level 10 of the Dungeon
  7563 | D:10     | Found Cuom's Fire Supplies.
  7637 | D:10     | Noticed Urug
  7652 | D:10     | Reached skill level 11 in Axes
  7664 | D:10     | Killed Urug
  8062 | D:10     | Reached ***** piety under Cheibriados
  8130 | D:10     | Found a staircase to the Lair.
  8196 | Lair:1   | Entered Level 1 of the Lair of Beasts
  8339 | Lair:1   | Reached skill level 1 in Spellcasting
  9109 | Lair:2   | Reached skill level 12 in Axes
  9176 | Lair:2   | Reached XP level 12. HP: 97/97 MP: 18/18
  9578 | Lair:2   | Reached skill level 10 in Fighting
  9651 | Lair:2   | Found a staircase to the Snake Pit.
  9806 | Lair:2   | Found a staircase to the Swamp.
 10027 | Lair:2   | Identified the +0 mace of Bodily Harmony {freeze, Int+3}
 10277 | Lair:3   | Noticed a boulder beetle
 10292 | Lair:3   | Killed a boulder beetle
 10311 | Lair:3   | Noticed a five-headed hydra
 10483 | Lair:3   | Reached skill level 5 in Armour
 10588 | Lair:3   | Noticed a four-headed hydra
 10594 | Lair:3   | Killed a six-headed hydra
 10672 | Lair:3   | HP: 2/98 [16-headed hydra (10)]
 10672 | Lair:3   | Slain by a 16-headed hydra

Illustrated notes

Levels and vault maps discovered:
D:1:      spicycebolla_arrival_risky_transporter, layout_basic,
          shapermc_ecumenical_altar_mp_vishouse
D:2:      layout_loops_corners, serial_bayou_pond_c, minmay_between
D:3:      layout_loops_corners, gup_sewer_entry_bubbles
D:4:      layout_basic, kennysheep_generic_room_2, uniq_sigmund
D:5:      layout_loops_ring, lightli_temple_of_fire, enter_ossuary_3,
          minmay_misc_feat_rugged, uniq_grinder
D:6:      layout_basic, vehumet_altar_wand_db, temple_statues,
          minmay_stone_trees_small
D:7:      layout_loops_ring
D:8:      layout_rooms, grunt_temple_overflow_open, hex_large,
          serial_bayou_pond_d, uniq_maurice, uniq_grum, uniq_pikel,
          uniq_prince_ribbit1
D:9:      layout_rooms, david_orc_4, hangedman_decor_lopped,
          kennysheep_generic_room_13, uniq_joseph
D:10:     layout_roguey, lair_entry_dummy, nicolae_shop_fire_sale
          [nicolae_sub_dead_trees], uniq_urug
Temple:   kb_temple_of_zot
Lair:1:   layout_cave_pods
Lair:2:   layout_small_grid, minmay_swamp_entry_swarm,
          nicolae_snake_entry_warm_welcome, serial_bayou_shore_b
Lair:3:   layout_gridlike, ebering_ghost_disaster_area, lemuel_fruit_tree

Skill      XL: |  1  2  3  4  5  6  7  8  9 10 11 12 |
---------------+-------------------------------------+-----
Axes           | 2 3 4 5 6 7 9 10 12 | 12.8
Dodging        | 1 2 3 5 6 7 |  7.9
Fighting       | 4 5 6 7 8 9 10 | 10.3
Invocations    | 3 6 8 9 |  9.6
Armour         | 3 5 |  5.1
Shields        | 3 4 |  4.9
Spellcasting   | 2 3 |  3.9

Action                     |  1- 3 |  4- 6 |  7- 9 | 10-12 || total
---------------------------+-------+-------+-------+-------++-------
  Melee: War axe           |   101 |   152 |   324 |   453 ||  1030
         Tailslap          |     2 |    15 |    59 |   106 ||   182
 Invoke: Bend Time         |       |       |     1 |     2 ||     3
         Slouch            |       |       |       |     2 ||     2
  Evoke: Wand              |       |       |     5 |    11 ||    16
         Tin of tremorston |       |       |       |     2 ||     2
    Use: Scroll            |     3 |     3 |     8 |    12 ||    26
         Potion            |       |     2 |     7 |     3 ||    12
   Stab: Distracted        |       |       |       |     2 ||     2
 Armour: Scale mail        |    74 |    78 |     7 |       ||   159
         Chain mail        |       |       |   211 |   362 ||   573
  Dodge: Dodged            |    50 |    49 |   132 |   339 ||   570
  Block: Buckler           |    19 |    44 |    84 |   173 ||   320

Table legend: (Time is in decaauts)
 A = Elapsed time spent in this place.
 B = Non-inter-level travel time spent in this place.
 C = Inter-level travel time spent in this place.
 D = Time resting spent in this place.
 E = Time spent auto-exploring this place.
 F = Levels seen in this place.
 G = Mean time per level.
                   A        B        C        D        E       F      G
               +--------+--------+--------+--------+--------+-----+--------+
         Total |  13538 |  13021 |    517 |    578 |   9329 |  16 |  846.1 |
       Dungeon |   8756 |   8389 |    367 |    225 |   5995 |  10 |  875.6 |
        Temple |    114 |     63 |     51 |      0 |      0 |   1 |  114.0 |
          Lair |   3920 |   3823 |     97 |    353 |   2952 |   3 | 1306.7 |
         Sewer |    294 |    294 |      0 |      0 |    129 |   1 |  294.0 |
       Ossuary |    451 |    451 |      0 |      0 |    252 |   1 |  451.0 |
               +--------+--------+--------+--------+--------+-----+--------+

Top non-repeatable levels by time:
  Lair:2: 1926 daAuts
  Lair:1: 1392 daAuts
     D:8: 1084 daAuts
    D:10: 1067 daAuts
     D:9: 1033 daAuts
     D:3: 998 daAuts
     D:2: 882 daAuts
     D:7: 862 daAuts
     D:5: 835 daAuts
     D:6: 759 daAuts
     D:4: 626 daAuts
     D:1: 606 daAuts
  Lair:3: 601 daAuts
 Ossuary: 451 daAuts
   Sewer: 294 daAuts
